 Dungeon Crawl Stone Soup version 0.22-a0-109-gbeb7240 (webtiles) character file.

701762 Faca the Slayer (level 27, -9/195 HPs)
             Began as a Gargoyle Fighter on Jan 26, 2018.
             Was a High Priest of the Shining One.
             Killed by the air
             ... invoked by a titan
             ... created by the fury of Okawaru
              (30 damage)
             ... on level 3 of the Crypt on Jan 27, 2018.
             The game lasted 04:30:40 (79239 turns).

Faca the Slayer (Gargoyle Fighter)                 Turns: 79239, Time: 04:30:40

Health: -9/195     AC: 59    Str: 37    XL:     27
Magic:  0/30       EV: 16    Int:  8    God:    the Shining One [*****.]
Gold:   3997       SH: 35    Dex: 23    Spells: 26/26 levels left

rFire    + + +     SeeInvis .   m - +4 eveningstar (holy)
rCold    + . .     Gourm    .   i - +3 large shield
rNeg     + + +     Faith    .   a - +9 gold dragon scales
rPois    ∞         Spirit   +   u - +0 hat of Okawaru's Outrage {rF+ Regen+ rCorr Str+4}
rElec    +         Reflect  +   P - scarf {Spirit}
rCorr    +         Harm     .   X - +0 pair of fencer's gloves {+Riposte Dex+3}
MR       ++++.     Clarity  +   V - +0 pair of boots {Fly} Stlth ..........NoTele +
                                D - amulet of Dariha {Reflect MR+ SH+3}
HPRegen  0.82/turn              N - ring of Lesser Demons {*Contam rF+ rN+ MR+ Dex+2}
MPRegen  0.22/turn              A - ring of Devotion {-Tele rElec Str+9 Dex+3 Slay+3}

@: flying, glowing, studying 2 skills
A: big wings, claws 1, blurry vision 1, clarity, clumsy 1, deterioration 1,
dopey 1, negative energy resistance 1, screaming 2, electricity resistance,
unbreathing, petrification resistance, rot immunity, subdued magic 1, AC +20
}: 5/15 runes: decaying, serpentine, slimy, silver, abyssal
a: Stop Flying, Divine Shield, Cleansing Flame, Summon Divine Warrior, Renounce
Religion


You were on level 3 of the Crypt.
You worshipped the Shining One.
The Shining One was extremely pleased with you.
You were not hungry.

You visited 12 branches of the dungeon, and saw 58 of its levels.
You visited the Abyss 1 time.
You visited 1 bazaar.
You also visited: Ice Cave and Wizlab.

You collected 8266 gold pieces.
You spent 4269 gold pieces at shops.

Inventory:

Hand Weapons
 m - a +4 eveningstar of holy wrath (weapon)
 s - a +9 demon whip of draining
 y - the +2 eveningstar "Jellybane" {protect, +Blink rF+ MP+9}
   (You found it on level 5 of the Pits of Slime)

   It protects the one who uses it against injury (+AC on strike).
   It protects you from fire.
   It affects your magic capacity (+9).
   It lets you blink.
Missiles
 I - 17 javelins of returning (quivered)
 J - 13 steel javelins
 R - 4 javelins of penetration
Armour
 a - +9 gold dragon scales (worn)
 b - the -5 cloak of Precision Catastrophes {Regen+ Dex+8}
   (You acquired it on level 5 of the Pits of Slime)

   It affects your dexterity (+8).
   It increases your rate of regeneration.
 i - a +3 large shield (worn)
 u - the +0 hat of Okawaru's Outrage (worn) {rF+ Regen+ rCorr Str+4}
   (Okawaru gifted it to you on level 3 of the Swamp)

   It affects your strength (+4).
   It protects you from fire.
   It increases your rate of regeneration.
   It protects you from acid and corrosion.
 P - a scarf of spirit shield (worn)
 V - a +0 pair of boots of flying (worn)
 X - the +0 pair of fencer's gloves (worn) {+Riposte Dex+3}
   (You found it on level 3 of the Elven Halls)

   It affects your dexterity (+3).
Jewellery
 r - the ring "Haazis" {Wiz MR+ Int+2 Stlth+}
   (You took it off a deep elf annihilator on level 3 of the Elven Halls)

   [ring of wizardry]

   It improves your spell success rate.
   It affects your intelligence (+2).
   It affects your resistance to hostile enchantments.
   It makes you more stealthy.
 A - the ring of Devotion (right hand) {-Tele rElec Str+9 Dex+3 Slay+3}
   (You found it on level 4 of the Realm of Zot)

   [ring of dexterity]

   It affects your strength (+9).
   It affects your dexterity (+3).
   It affects your accuracy and damage with ranged weapons and melee attacks
   (+3).
   It insulates you from electricity.
   It prevents most forms of teleportation.
 D - the amulet of Dariha (around neck) {Reflect MR+ SH+3}
   (You bought it in a shop on level 4 of the Depths)

   [amulet of reflection]

   It shields you and reflects attacks.
   It affects your resistance to hostile enchantments.
   It affects your SH (+3).
 N - the ring of Lesser Demons (left hand) {*Contam rF+ rN+ MR+ Dex+2}
   (You found it on level 1 of the Lair of Beasts)

   [ring of positive energy]

   It affects your dexterity (+2).
   It protects you from fire.
   It protects you from negative energy.
   It affects your resistance to hostile enchantments.
   It causes magical contamination when unequipped.
 Y - the ring of Weizuqo {MR+ Str+3 Int+4 SInv}
   (You found it on level 2 of the Snake Pit)

   [ring of strength]

   It affects your strength (+3).
   It affects your intelligence (+4).
   It affects your resistance to hostile enchantments.
   It lets you see invisible.
Wands
 l - a wand of digging (67)
Scrolls
 d - 5 scrolls of fear
 g - 21 scrolls of teleportation
 o - 19 scrolls of remove curse
 t - 14 scrolls of fog
 v - 3 scrolls of holy word
 w - 3 scrolls of magic mapping
 E - 2 scrolls of immolation
 F - 2 scrolls of identify
 G - 5 scrolls of blinking
 T - 4 scrolls of brand weapon
Potions
 c - 12 potions of curing
 e - 13 potions of mutation
 h - 10 potions of lignification
 j - 6 potions of resistance
 k - 4 potions of invisibility
 p - 11 potions of haste
 q - a potion of agility
 x - 4 potions of ambrosia
 z - 2 potions of cancellation
 L - 4 potions of berserk rage
 M - 3 potions of brilliance
 O - 5 potions of heal wounds
 W - 4 potions of might
Books
 n - a manual of Staves
 K - a manual of Armour
Comestibles
 f - 35 rations


   Skills:
 + Level 25.8 Fighting
 + Level 19.4 Maces & Flails
 - Level 15.8 Throwing
 + Level 25.1 Armour
 + Level 10.7 Dodging
 + Level 24.2 Shields
 - Level 10.0 Invocations


You had 26 spell levels left.
You didn't know any spells.

Dungeon Overview and Level Annotations

Branches:
Dungeon (15/15)            Temple (1/1) D:4            Lair (6/6) D:9
  Swamp (4/4) Lair:3        Snake (4/4) Lair:2        Slime (5/5) Lair:5
    Orc (2/2) D:12            Elf (3/3) Orc:2        Vaults (5/5) D:14
  Crypt (3/3) Vaults:3     Depths (5/5) D:15            Zot (5/5) Depths:5
   Tomb: Crypt:3

Altars:
Ashenzari
Cheibriados
Dithmenos
Elyvilon
Fedhas
Gozag
Hepliaklqana
Kikubaaqudgha
Makhleb
Nemelex Xobeh
Okawaru
Qazlal
Ru
Sif Muna
Trog
Uskayaw
Vehumet
Wu Jian
Xom
Yredelemnul
Zin
The Shining One
Jiyva

Shops:
D:10 [   D:11 ![(:[   D:13 :   Orc:2 [[*   Elf:1 (=   Vaults:1 :**
Depths:4 *[=}=

Portals:
Hell: Depths:1 Depths:2 Depths:3 Depths:4
Abyss: Depths:2 Depths:4
Pandemonium: Depths:3
Ziggurat: Depths:3

Annotations:
Lair:1 exclusion: 3 oklob plants
Zot:4 2 transporters, exclusion: obsidian statue


Innate Abilities, Weirdness & Mutations

You are resistant to torment.
Your stone body is resilient. (AC +20)
You are immune to poison.
Your large and strong wings let you fly indefinitely.
You resist negative energy. (rN+)
You are resistant to electric shocks. (rElec)
You can survive without breathing.
You are immune to petrification.
You are immune to rotting.
You have sharp fingernails.
Scrolls take you a little longer to read.
You possess an exceptional clarity of mind.
You are clumsy. (Dex -2)
Your body sometimes deteriorates upon taking damage.
You are dopey. (Int -2)
You sometimes yell uncontrollably at your foes.
Your spells are a little easier to cast, but a little less powerful.


Message History

The skeletal warrior hits you but does no damage.
You hit the titan but do no damage.
The titan is severely wounded.
The titan hits you!!
The titan splashes around in the water.
The frost giant splashes around in the water.
You puncture the titan!
The titan is almost dead.
You block the skeletal warrior's attack. x3
The titan waves its arms in wide circles.
The air twists around and violently strikes you in flight!
* * * LOW HITPOINT WARNING * * *
The titan gestures at you while chanting.
The bolt of lightning hits you! You resist.
* * * LOW HITPOINT WARNING * * *
You cannot blink because you are wearing the ring of Devotion {-Tele rElec Str+9 Dex+3 Slay+3}.
The frost giant casts a spell at you. The bolt of cold misses you.
The titan waves its arms in wide circles.
The air twists around and violently strikes you in flight!
You die...

≈≈≈≈≈≈≈≈≈≈≈≈≈≈≈≈##
≈≈≈≈≈≈≈≈≈≈≈≈≈≈≈≈≈#
≈≈≈≈≈≈≈≈≈≈≈≈≈≈≈≈≈#
...≈≈≈≈≈≈≈≈≈≈≈≈≈≈##
.....≈≈≈≈≈≈≈§≈≈≈≈≈#
......≈≈≈≈≈≈≈§≈≈≈≈#
.......≈≈≈≈≈≈≈§≈≈≈#######
....)..≈≈≈≈......Cz.Z....
........≈≈......@.z.zZ.⌠.
............≈≈≈≈CC#zZ....
...........≈≈≈≈≈≈≈# ...⌠.
..........≈≈≈≈≈≈≈≈# ....
........≈≈≈≈≈≈≈≈≈## #+#
.......≈≈≈≈≈≈≈≈≈≈#
.......≈≈≈≈≈≈≈≈≈≈#
......≈≈≈≈≈≈≈≈≈≈##
.....≈≈≈≈≈≈≈≈≈≈##


You could see 2 titans, a frost giant, 4 skeletal warriors, an emperor scorpion
zombie, a snapping turtle zombie and a tengu skeleton.

Vanquished Creatures
  the Royal Jelly (Slime:5)
  2 orbs of fire
  4 ancient liches (Zot:5)
  Sojobo (Vaults:2)
  Margery (Vaults:3)
  Saint Roka (Depths:1)
  the Lernaean hydra (Swamp:3)
  7 Killer Klowns (Zot:5)
  Vashnia (Snake:3)
  10 golden dragons
  Jory (Crypt:2)
  Nikola (Snake:2)
  4 electric golems
  An iron giant (shapeshifter) (Depths:3)
  12 tentacled monstrosities
  A lich (Abyss:2)
  A Hell Sentinel (Abyss:3)
  25 Orb Guardians
  2 Ice Fiends (IceCv)
  11 deep elf blademasters
  3 deep elf master archers (Elf:3)
  3 quicksilver dragons
  18 acid blobs
  2 sphinxes
  An acid blob (shapeshifter) (Depths:3)
  Frances (D:13)
  2 ancient champions
  11 titans
  11 shadow dragons
  18 storm dragons
  4 death cobs
  Donald (Swamp:1)
  5 tengu reavers
  A tentacled starspawn (WizLab)
  6 draconian monks
  12 nagarajas
  15 azure jellies
  8 draconian knights
  13 deep elf sorcerers
  10 vault wardens
  14 frost giants
  The ghost of zhngchq the Thaumaturge, a journeyman GnVM of Vehumet (Orc:2)
  2 ghost moths
  10 fire giants
  3 iron dragons
  Louise (Depths:4)
  Aizul (Swamp:1)
  8 draconian scorchers
  7 ghouls
  16 very ugly things
  5 draconian stormcallers
  7 draconian annihilators
  19 ironheart preservers
  7 draconian shifters
  4 deep elf elementalists (Elf:3)
  3 war gargoyles
  27 stone giants
  A stone giant (shapeshifter) (Depths:3)
  6 vampire knights
  An entropy weaver (Vaults:4)
  8 deep elf demonologists
  18 black draconians
  9 deep elf annihilators
  3 dire elephants (Lair:6)
  5 spark wasps
  12 green draconians
  15 yellow draconians
  12 red draconians
  10 white draconians
  4 eidola
  8 purple draconians
  12 ettins
  11 death oozes
  14 crystal guardians (Depths:3)
  12 deep elf death magi
  A blizzard demon (Abyss:3)
  Snorg (Lair:6)
  A merfolk javelineer (Depths:4)
  6 jiangshi
  2 fire dragons
  17 yaktaur captains
  8 deep elf high priests
  A minotaur (shapeshifter) (Vaults:4)
  5 rakshasas
  2 ghost crabs
  Harold (D:10)
  20 hydras
  7 great orbs of eyes
  30 vault guards
  2 spriggan air magi (Depths:2)
  12 ice dragons
  14 anacondas
  7 alligators
  8 naga warriors
  38 dancing weapons
  A satyr (shapeshifter) (Depths:3)
  An anaconda (shapeshifter) (Depths:3)
  9 centaur warriors
  55 two-headed ogres
  14 deep troll earth magi
  4 deep troll shamans
  17 ogre magi
  A hell hog (Abyss:2)
  4 death knights
  9 tengu warriors
  6 vampire magi
  3 orc high priests
  3 spriggan berserkers
  3 thrashing horrors
  Urug (D:13)
  10 naga sharpshooters
  8 shock serpents
  A titan skeleton (Crypt:2)
  A fire crab (shapeshifter) (D:13)
  An iron troll (shapeshifter) (Depths:3)
  8 hell knights
  4 iron trolls
  4 salamander mystics
  4 shadow wraiths
  18 deep elf knights
  2 sixfirhies
  12 skeletal warriors
  2 spriggan druids
  10 glowing orange brains
  4 unseen horrors
  9 flayed ghosts
  31 deep trolls
  11 swamp dragons
  A swamp dragon (shapeshifter) (Depths:3)
  5 obsidian statues
  5 wizards
  13 phantasmal warriors
  Pikel (D:6)
  3 shambling mangroves
  10 ironbrand convokers
  5 naga ritualists
  9 harpies
  16 orc knights
  49 deep elf magi
  7 mana vipers
  6 necromancers
  A wolf spider zombie (D:13)
  15 deep elf archers
  26 ugly things
  4 wolf spiders
  2 manticores
  24 salamanders
  6 orc sorcerers
  6 cyclopes
  7 elephants
  6 shining eyes
  6 draconians (Abyss:3)
  2 ice statues (IceCv)
  An iron dragon skeleton (Crypt:2)
  22 black mambas
  25 moths of wrath
  A black mamba (shapeshifter) (Depths:1)
  17 naga magi
  Joseph (D:10)
  A shock serpent zombie (Crypt:1)
  2 molten gargoyles (Depths:3)
  19 vault sentinels
  3 eyes of devastation
  3 smoke demons
  3 orange demons
  A demonspawn skeleton (WizLab)
  A rime drake (Lair:6)
  12 guardian serpents
  9 gargoyles
  5 komodo dragons
  17 spiny frogs
  A yaktaur (shapeshifter) (Depths:3)
  A demonic crawler (Abyss:2)
  4 kobold demonologists
  A hellion (WizLab)
  14 ice devils (IceCv)
  41 yaktaurs
  8 freezing wraiths
  An ancient zyme (WizLab)
  A tormentor (Abyss:3)
  4 trolls
  3 polar bears
  4 hellwings
  6 tengu conjurers
  6 small abominations
  3 wind drakes
  2 spectral guardian serpents (Crypt:1)
  104 slime creatures
  A tyrant leech (shapeshifter) (Vaults:1)
  11 hornets
  6 raiju (Depths:3)
  11 dream sheep
  10 tyrant leeches
  15 bog bodies
  A moth of wrath zombie (Crypt:1)
  A dream sheep (shapeshifter) (Depths:3)
  A hippogriff (shapeshifter) (Vaults:5)
  20 blink frogs
  A raiju (shapeshifter) (Vaults:4)
  13 flying skulls
  A hydra skeleton (Crypt:2)
  8 hippogriffs
  20 starcursed masses
  An alligator skeleton (Crypt:1)
  8 air elementals
  A redback (shapeshifter) (Depths:3)
  A vampire (D:8)
  A black mamba zombie (Crypt:2)
  5 spriggans
  10 large abominations
  3 wyverns
  A yak (shapeshifter) (Depths:2)
  3 shadows
  16 water elementals
  6 wraiths
  A guardian serpent skeleton (Crypt:2)
  3 hungry ghosts
  8 fire elementals
  36 yaks
  6 golden eyes
  2 basilisks
  A neqoxec (Abyss:2)
  22 vampire mosquitoes
  Menkaure (D:6)
  A catoblepas simulacrum (Crypt:2)
  14 insubstantial wisps
  5 spatial vortices (WizLab)
  35 swamp worms
  29 nagas
  6 wargs
  An acid dragon (Vaults:1)
  A water moccasin (shapeshifter) (Depths:3)
  11 water moccasins
  A soldier ant (D:12)
  A floating eye (shapeshifter) (Depths:2)
  A hell hound (WizLab)
  A hornet zombie (D:12)
  6 porcupines
  2 black bears
  44 orc warriors
  9 swamp drakes
  A slave (D:6)
  A spiny frog skeleton (Crypt:2)
  A tengu (shapeshifter) (Depths:3)
  7 eyes of draining
  3 ice beasts
  4 phantoms
  A swamp dragon zombie (Crypt:2)
  The ghost of Telvayne the Skirmisher, an amateur CeFi of Lugonu (D:3)
  14 boggarts
  25 centaurs
  5 necrophages
  8 wolves
  36 ogres
  8 crocodiles
  2 big kobolds
  9 earth elementals (Depths:3)
  19 bullfrogs
  A wyvern zombie (D:6)
  A water moccasin skeleton (D:6)
  8 killer bees
  A howler monkey (D:2)
  3 electric eels
  A raiju skeleton (WizLab)
  2 crimson imps
  A bullfrog zombie (D:8)
  A quasit (D:7)
  22 orc priests
  21 orc wizards
  6 jellies
  6 centaur skeletons
  6 hounds
  Crazy Yiuf (D:5)
  3 bullfrog skeletons
  3 iron imps
  A basilisk skeleton (Crypt:1)
  7 worker ants
  A sky beast zombie (Crypt:1)
  A demigod skeleton (Crypt:2)
  An acid dragon skeleton (Crypt:2)
  A deep dwarf skeleton (Crypt:2)
  A hound skeleton (D:9)
  A howler monkey skeleton (D:6)
  3 gnolls
  9 adders
  4 shadow imps
  13 white imps
  8 ufetubi
  16 oozes
  14 worms
  3 dart slugs
  10 leopard geckos
  102 orcs
  10 bats
  5 giant cockroaches
  A gnoll zombie (Crypt:2)
  14 goblins
  12 hobgoblins
  8 jackals
  A ball python (D:7)
  4 frilled lizards
  16 kobolds
  A leopard gecko skeleton (D:6)
  A leopard gecko zombie (D:6)
  A quokka zombie (D:7)
  7 rats
  A rat skeleton (Crypt:1)
  A fungus (D:9)
  4 plants (Lair:6)
  A starspawn tentacle (WizLab)
2505 creatures vanquished.

Vanquished Creatures (others)
  2 eldritch tentacles
  A stone giant (Vaults:5)
  3 yaktaur captains
  A rakshasa (WizLab)
  3 shadow wraiths
  2 black mambas (Snake:2)
  A guardian serpent (Snake:4)
  2 molten gargoyles (Depths:3)
  5 yaktaurs
  An air elemental (Depths:3)
  A vampire mosquito (Swamp:2)
  2 swamp worms
  A centaur (Vaults:2)
  2 ogres
  A howler monkey (shapeshifter) (Vaults:5)
  A white imp (IceCv)
  An ufetubus (IceCv)
  12 ball lightnings (Depths:3)
  3 orcs
  A fire vortex (Depths:2)
  44 fungi
  A lurking horror (Abyss:3)
  33 plants
  2 starspawn tentacles (WizLab)
126 creatures vanquished.

Grand Total: 2631 creatures vanquished

Notes
Turn   | Place    | Note
-------+----------+-------------------------------------------
     0 | D:1      | Faca the Gargoyle Fighter began the quest for the Orb.
     0 | D:1      | Reached XP level 1. HP: 14/14 MP: 1/1
    93 | D:1      | Reached XP level 2. HP: 14/20 MP: 2/2
   398 | D:1      | Reached XP level 3. HP: 23/24 MP: 3/3
   842 | D:2      | Reached skill level 5 in Fighting
   876 | D:2      | Reached XP level 4. HP: 31/31 MP: 4/4
  1061 | D:2      | Reached XP level 5. HP: 36/36 MP: 5/5
  1870 | D:3      | Found a blossoming altar of Fedhas.
  2198 | D:3      | Noticed Telvayne's ghost (amateur CeFi)
  2219 | D:3      | Killed Telvayne's ghost
  2219 | D:3      | Reached XP level 6. HP: 38/44 MP: 6/6
  2704 | D:4      | Reached XP level 7. HP: 34/50 MP: 7/7
  2916 | D:4      | Found a staircase to the Ecumenical Temple.
  2925 | Temple   | Entered the Ecumenical Temple
  2953 | Temple   | Became a worshipper of Warmaster Okawaru
  3259 | D:5      | Entered Level 5 of the Dungeon
  3697 | D:5      | Reached * piety under Okawaru
  4083 | D:5      | Found a deep blue altar of Sif Muna.
  4323 | D:5      | Found a runed door.
  4327 | D:5      | Noticed Crazy Yiuf
  4331 | D:5      | Killed Crazy Yiuf
  4331 | D:5      | Reached XP level 8. HP: 56/56 MP: 8/8
  4585 | D:5      | Reached ** piety under Okawaru
  4696 | D:6      | Found a shattered altar of Ashenzari.
  4905 | D:5      | Reached skill level 5 in Maces & Flails
  5145 | D:6      | Reached skill level 10 in Fighting
  5399 | D:6      | Found a shadowy altar of Dithmenos.
  5495 | D:6      | Reached *** piety under Okawaru
  5496 | D:6      | Noticed Menkaure
  5512 | D:6      | Killed Menkaure
  5512 | D:6      | Reached XP level 9. HP: 33/63 MP: 9/9
  5693 | D:6      | Noticed Pikel
  5726 | D:6      | Killed Pikel
  5726 | D:6      | Reached **** piety under Okawaru
  6642 | D:7      | Reached ***** piety under Okawaru
  6642 | D:7      | Reached skill level 5 in Armour
  6728 | D:7      | Reached skill level 5 in Shields
  7197 | D:8      | Found a glowing golden altar of the Shining One.
  7203 | D:8      | Reached XP level 10. HP: 69/69 MP: 10/10
  8622 | D:9      | Found a shimmering altar of Xom.
  8623 | D:9      | Found a shadowy altar of Dithmenos.
  8625 | D:9      | Found a basalt altar of Yredelemnul.
  8633 | D:9      | Received a gift from Okawaru
  9405 | D:9      | Found a staircase to the Lair.
  9635 | D:9      | Found a glowing golden altar of the Shining One.
  9666 | D:10     | Entered Level 10 of the Dungeon
  9844 | D:10     | Noticed a two-headed ogre
 10079 | D:10     | Noticed Harold
 10092 | D:10     | Noticed Joseph
 10112 | D:10     | Killed Harold
 10112 | D:10     | Reached XP level 11. HP: 49/76 MP: 11/11
 10250 | D:10     | Killed Joseph
 10250 | D:10     | Reached skill level 10 in Maces & Flails
 10327 | D:10     | Killed a two-headed ogre
 10327 | D:10     | Received a gift from Okawaru
 10461 | D:10     | Got an ichor-stained scythe
 10610 | D:10     | Received a gift from Okawaru
 10626 | D:10     | Reached ****** piety under Okawaru
 10784 | D:10     | Found Fuuqeon's Antique Armour Shop.
 10996 | D:11     | Found Lufailo's Antique Armour Boutique.
 10998 | D:11     | Found Atep's Weapon Boutique.
 11014 | D:11     | Found Giuc's Book Emporium.
 11217 | D:11     | Found Qemmief's Distillery.
 11424 | D:11     | Noticed a white ugly thing
 11448 | D:11     | Killed a white ugly thing
 11675 | D:11     | Found Cuqedgh's Armour Shoppe.
 12144 | D:12     | Noticed a brown ugly thing
 12224 | D:11     | Killed a brown ugly thing
 12563 | D:12     | Noticed a green ugly thing
 12609 | D:12     | Killed a green ugly thing
 12609 | D:12     | Received a gift from Okawaru
 12984 | D:12     | Found a staircase to the Orcish Mines.
 13092 | D:12     | Killed an unseen horror
 13092 | D:12     | Reached XP level 12. HP: 58/82 MP: 12/12
 13278 | D:12     | Paralysed by an orc wizard for 6 turns
 13950 | Lair:1   | Entered Level 1 of the Lair of Beasts
 14590 | D:9      | Received a gift from Okawaru
 14591 | D:9      | Got a pair of ancient boots {god gift}
 14597 | D:9      | Identified the +1 pair of boots "Xasidoma" {+Blink MR- rCorr Int+5} (Okawaru gifted it to you on level 9 of the Dungeon)
 15007 | Lair:1   | Got a crude pewter ring
 15008 | Lair:1   | Identified the ring of Lesser Demons {*Contam rF+ rN+ MR+ Dex+2} (You found it on level 1 of the Lair of Beasts)
 15887 | Lair:2   | Found a staircase to the Snake Pit.
 17174 | Lair:3   | Found a staircase to the Swamp.
 17227 | Lair:3   | Noticed an eight-headed hydra
 17256 | Lair:3   | Killed an eight-headed hydra
 17256 | Lair:3   | Reached skill level 1 in Invocations
 18324 | Lair:4   | Received a gift from Okawaru
 18554 | Lair:4   | Reached XP level 13. HP: 60/88 MP: 14/14
 19372 | Lair:5   | Reached skill level 10 in Armour
 19654 | Lair:5   | Found a staircase to the Slime Pits.
 19654 | Lair:5   | Found a viscous altar of Jiyva.
 19966 | Lair:6   | Entered Level 6 of the Lair of Beasts
 20123 | Lair:5   | Received a gift from Okawaru
 21045 | Lair:6   | Noticed Snorg
 21820 | Lair:6   | Reached skill level 5 in Invocations
 21854 | Lair:5   | HP: 3/89 [spiny frog (15)]
 22506 | Lair:6   | Received a gift from Okawaru
 23017 | Lair:6   | Killed Snorg
 23024 | Lair:6   | Gained mutation: Your large and strong wings let you fly indefinitely. [Gargoyle growth]
 23024 | Lair:6   | Reached XP level 14. HP: 81/96 MP: 12/18
 24178 | Lair:6   | Noticed a dire elephant
 24214 | Lair:6   | Killed a dire elephant
 24631 | Lair:6   | Noticed a dire elephant
 24631 | Lair:6   | Noticed a dire elephant
 24669 | Lair:6   | Killed a dire elephant
 24692 | Lair:6   | Killed a dire elephant
 24692 | Lair:6   | Received a gift from Okawaru
 25118 | Orc:1    | Entered Level 1 of the Orcish Mines
 25265 | Orc:1    | Received a gift from Okawaru
 25785 | Orc:2    | Entered Level 2 of the Orcish Mines
 25831 | Orc:2    | Noticed zhngchq's ghost (journeyman GnVM)
 26007 | Orc:2    | Killed zhngchq's ghost
 26377 | Orc:2    | Found a staircase to the Elven Halls.
 27042 | Orc:1    | Paralysed by an orc sorcerer for 7 turns
 27837 | Orc:2    | Gained mutation: You are clumsy. (Dex -2) [a neqoxec]
 27842 | Orc:2    | Gained mutation: You are occasionally teleported next to monsters. [a neqoxec]
 27855 | Orc:2    | Lost mutation: You are clumsy. (Dex -2) [potion of mutation]
 27855 | Orc:2    | Gained mutation: You occasionally shout uncontrollably at your foes. [potion of mutation]
 27855 | Orc:2    | Gained mutation: Your mind is acute. (Int +2) [potion of mutation]
 27856 | Orc:2    | Lost mutation: Your mind is acute. (Int +2) [potion of mutation]
 27856 | Orc:2    | Gained mutation: You sometimes yell uncontrollably at your foes. [potion of mutation]
 27856 | Orc:2    | Gained mutation: Your muscles are strong. (Str +2) [potion of mutation]
 27856 | Orc:2    | Gained mutation: You have sharp toenails. [potion of mutation]
 27857 | Orc:2    | Lost mutation: You have sharp toenails. [potion of mutation]
 27857 | Orc:2    | Lost mutation: Your muscles are strong. (Str +2) [potion of mutation]
 27857 | Orc:2    | Lost mutation: You sometimes yell uncontrollably at your foes. [potion of mutation]
 27857 | Orc:2    | Lost mutation: You are occasionally teleported next to monsters. [potion of mutation]
 27857 | Orc:2    | Gained mutation: You have sharp fingernails. [potion of mutation]
 27857 | Orc:2    | Gained mutation: Your spells are a little harder to cast, but a little more powerful. [potion of mutation]
 27857 | Orc:2    | Lost mutation: Your spells are a little harder to cast, but a little more powerful. [potion of mutation]
 27857 | Orc:2    | Gained mutation: You possess an exceptional clarity of mind. [potion of mutation]
 27881 | Orc:2    | Found Mufesef's Armour Shoppe.
 27881 | Orc:2    | Found Kiula Qod's General Store.
 27883 | Orc:2    | Found Exun's Antique Armour Shop.
 27883 | Orc:2    | Found Poepn's Assorted Antiques.
 27896 | Orc:2    | Bought a scroll labeled UGIUWNOREF for 25 gold pieces
 28308 | D:10     | Bought a pair of runed gloves for 180 gold pieces
 28395 | D:13     | Found Xachen's Book Shoppe.
 28405 | D:13     | Noticed Urug
 28749 | D:13     | Killed Urug
 28749 | D:13     | Reached skill level 10 in Shields
 28973 | D:13     | Received a gift from Okawaru
 28991 | D:13     | Got a dazzling flail {god gift}
 29018 | D:13     | Identified the +1 flail "Zucw" {crush, +Fly MP+9 Stlth+} (Okawaru gifted it to you on level 13 of the Dungeon)
 29704 | D:14     | Noticed Frances
 30040 | D:13     | Reached skill level 15 in Fighting
 30149 | D:13     | Killed Frances
 30149 | D:13     | Received a gift from Okawaru
 30149 | D:13     | Reached XP level 15. HP: 75/103 MP: 18/21
 30756 | D:14     | Found a gate to the Vaults.
 31223 | D:15     | Entered Level 15 of the Dungeon
 31961 | D:15     | Found a staircase to the Depths.
 31974 | D:15     | Received a gift from Okawaru
 32536 | Swamp:1  | Entered Level 1 of the Swamp
 33113 | Swamp:1  | Reached skill level 10 in Invocations
 33461 | Swamp:1  | Noticed Aizul
 33507 | Swamp:1  | Killed Aizul
 33513 | Swamp:1  | Received a gift from Okawaru
 34278 | Swamp:1  | Received a gift from Okawaru
 34278 | Swamp:1  | Reached skill level 1 in Throwing
 34278 | Swamp:1  | Reached XP level 16. HP: 100/110 MP: 23/23
 34279 | Swamp:1  | Got an ichor-stained longbow {god gift}
 34290 | Swamp:1  | Identified the +2 longbow "Arom" {freeze, rElec rF++ Dex-4 Stlth+} (Okawaru gifted it to you on level 1 of the Swamp)
 34439 | Swamp:2  | Noticed Donald
 34847 | Swamp:1  | Killed Donald
 36379 | Swamp:3  | Received a gift from Okawaru
 36380 | Swamp:3  | Got a brightly glowing hat {god gift}
 36391 | Swamp:3  | Identified the +0 hat of Okawaru's Outrage {rF+ Regen+ rCorr Str+4} (Okawaru gifted it to you on level 3 of the Swamp)
 36578 | Swamp:3  | Identified a scroll of acquirement
 36905 | Swamp:3  | Noticed a tentacled monstrosity
 36928 | Swamp:3  | Killed a tentacled monstrosity
 37254 | Swamp:4  | Entered Level 4 of the Swamp
 37656 | Swamp:4  | Received a gift from Okawaru
 37714 | Swamp:4  | Reached skill level 5 in Throwing
 38018 | Swamp:4  | Noticed the 27-headed Lernaean hydra
 38168 | Swamp:4  | Reached XP level 17. HP: 111/116 MP: 24/24
 38218 | Swamp:4  | Got a decaying rune of Zot
 38393 | Swamp:3  | Killed the 27-headed Lernaean hydra
 38576 | Snake:1  | Entered Level 1 of the Snake Pit
 39383 | Snake:2  | Found a transporter.
 39404 | Snake:2  | Got topaz-encrusted shadow dragon scales
 39415 | Snake:2  | Identified the +0 shadow dragon scales "Wuukac" {MR+ Str-4 Dex+3 Stlth++++} (You acquired it on level 2 of the Snake Pit)
 39595 | Snake:2  | Reached skill level 15 in Armour
 39647 | Snake:2  | Received a gift from Okawaru
 39797 | Snake:2  | Found a transporter.
 39919 | Snake:2  | Noticed Nikola
 39942 | Snake:2  | Killed Nikola
 39942 | Snake:2  | Received a gift from Okawaru
 40538 | Snake:3  | Received a gift from Okawaru
 40539 | Snake:3  | Got transparent quicksilver dragon scales {god gift}
 40552 | Snake:3  | Identified the quicksilver dragon scales "Ychot" {rC+ MR+ Regen+} (Okawaru gifted it to you on level 3 of the Snake Pit)
 41044 | Snake:3  | Noticed Vashnia
 41111 | Snake:3  | Killed Vashnia
 41779 | Snake:4  | Entered Level 4 of the Snake Pit
 42045 | Snake:4  | Received a gift from Okawaru
 42296 | Snake:4  | Reached XP level 18. HP: 117/124 MP: 25/25
 42362 | Snake:4  | Received a gift from Okawaru
 43103 | Snake:4  | Received a gift from Okawaru
 43103 | Snake:4  | Reached skill level 15 in Maces & Flails
 43341 | Snake:4  | Received a gift from Okawaru
 43590 | Snake:4  | Reached skill level 15 in Shields
 43744 | Snake:4  | Got a serpentine rune of Zot
 43951 | Snake:2  | Received a gift from Okawaru
 43997 | Snake:2  | Got a heavily runed ivory ring
 44001 | Snake:2  | Got a scorched bronze amulet
 44017 | Snake:2  | Got a heavily runed wooden ring
 44026 | Snake:2  | Identified the ring of Weizuqo {MR+ Str+3 Int+4 SInv} (You found it on level 2 of the Snake Pit)
 44027 | Snake:2  | Identified the amulet "Lehu" {RegenMP Dex+2} (You found it on level 2 of the Snake Pit)
 44028 | Snake:2  | Identified the ring of Bodily Harmony {Fire Str+4 Int+2} (You found it on level 2 of the Snake Pit)
 44277 | Vaults:1 | Entered Level 1 of the Vaults
 44342 | Vaults:1 | Received a gift from Okawaru
 44495 | Vaults:1 | Found Yroad's General Store.
 44697 | Vaults:1 | Reached XP level 19. HP: 131/131 MP: 26/26
 44758 | Vaults:1 | Found Jokuem's Book Boutique.
 45358 | Vaults:1 | Received a gift from Okawaru
 46027 | Vaults:1 | Found Ezxij's Assorted Antiques.
 46047 | Vaults:1 | Bought a scroll of identify for 50 gold pieces
 46201 | Vaults:1 | Received a gift from Okawaru
 46638 | Vaults:1 | Reached skill level 10 in Throwing
 46845 | Vaults:2 | Received a gift from Okawaru
 47715 | Vaults:2 | Reached XP level 20. HP: 133/139 MP: 25/27
 47735 | Vaults:2 | Received a gift from Okawaru
 48098 | Vaults:2 | Noticed Sojobo
 48126 | Vaults:2 | Killed Sojobo
 48126 | Vaults:2 | Received a gift from Okawaru
 48624 | Vaults:3 | Received a gift from Okawaru
 48682 | Vaults:3 | Found a staircase to the Crypt.
 48778 | Vaults:3 | Found a flickering gateway to a bazaar.
 48788 | Bazaar   | Entered a bazaar
 48802 | Bazaar   | Found Linezun's Antique Armour Shoppe.
 48806 | Bazaar   | Bought a pair of runed gloves for 240 gold pieces
 48806 | Bazaar   | Bought a pitted chain mail for 304 gold pieces
 48817 | Bazaar   | Found Imosin's Book Shoppe.
 48817 | Bazaar   | Found Iloiroe Puupt's Weapon Emporium.
 48838 | Bazaar   | Found Mirreise's Book Shoppe.
 48884 | Vaults:3 | Identified the +5 chain mail of Bysut {rN+ Str+2} (You bought it in a shop in a bazaar)
 48989 | Vaults:3 | Noticed Margery
 48997 | Vaults:3 | Received a gift from Okawaru
 49049 | Vaults:3 | Killed Margery
 49634 | Vaults:3 | Received a gift from Okawaru
 49816 | Vaults:3 | Reached XP level 21. HP: 146/146 MP: 28/28
 49926 | Vaults:4 | Found a magical portal.
 49958 | WizLab   | Entered The Roulette of Golubria
 49958 | WizLab   | Found a transporter.
 49963 | WizLab   | Found a corrupted altar of Lugonu.
 49964 | WizLab   | Found the +2 cloak of the Thief {+Fog Slay-2 SInv Stlth+}
 49994 | WizLab   | Found a transporter.
 50030 | WizLab   | Found a transporter.
 50050 | WizLab   | Found a transporter.
 50088 | WizLab   | Found a transporter.
 50165 | WizLab   | Found a corrupted altar of Lugonu.
 50190 | WizLab   | Found a transporter.
 50190 | WizLab   | Found a transporter.
 50206 | WizLab   | Found a transporter.
 50242 | WizLab   | Found a corrupted altar of Lugonu.
 50271 | WizLab   | Found a transporter.
 50289 | WizLab   | Found a transporter.
 50307 | WizLab   | Found a transporter.
 50510 | WizLab   | Found a transporter.
 50510 | WizLab   | Found a transporter.
 50537 | WizLab   | Identified the Disquisition on Orientation
 50554 | WizLab   | Found a transporter.
 50554 | WizLab   | Found a transporter.
 50560 | WizLab   | Received a gift from Okawaru
 50598 | WizLab   | Found a transporter.
 50598 | WizLab   | Found a transporter.
 50661 | WizLab   | Found a transporter.
 50661 | WizLab   | Found a transporter.
 50710 | WizLab   | Found a transporter.
 50711 | WizLab   | Got a twisted cloak
 50736 | WizLab   | Identified the Handbook of the Traveller
 50744 | WizLab   | Got a wavering brass ring
 50745 | WizLab   | Identified the ring "Vuwo" {rPois rF+ Stlth-} (You found it in a wizard's laboratory)
 50810 | WizLab   | Received a gift from Okawaru
 50953 | Vaults:4 | Identified the +1 cloak "Xagom" {*Corrode rPois Dex+5 SInv} (You found it in a wizard's laboratory)
 51835 | Vaults:4 | Received a gift from Okawaru
 51894 | Vaults:4 | Received a gift from Okawaru
 52065 | Vaults:4 | Received a gift from Okawaru
 52675 | Elf:1    | Entered Level 1 of the Elven Halls
 52697 | Elf:1    | Found Syqisats's Weapon Boutique.
 52756 | Elf:1    | Found Wuppiciv's Jewellery Shoppe.
 52801 | Elf:1    | Found a frozen archway.
 52847 | IceCv    | Entered an ice cave
 52987 | IceCv    | Got a dazzling hat
 53017 | IceCv    | Identified the +2 hat of the Cockatrice {rC- Str+2 Int+4 SInv} (You found it in an ice cave)
 53227 | IceCv    | Identified the Reference Book on Conjuration and Companions
 53246 | IceCv    | Got a scorched demon whip
 53266 | IceCv    | Identified the +8 demon whip of the Maze {elec, Str+4 Int+4} (You found it in an ice cave)
 53825 | Elf:1    | Bought a cursed -3 ring of strength for 24 gold pieces
 53825 | Elf:1    | Bought a cursed amulet of inaccuracy for 24 gold pieces
 53847 | Elf:1    | Received a gift from Okawaru
 53848 | Elf:1    | Got an ivory flail {god gift}
 53849 | Elf:1    | Identified the +1 flail of the Unseen Realm {crush, Fragile rN++ MR+ MP+9} (Okawaru gifted it to you on level 1 of the Elven Halls)
 53981 | Elf:1    | Identified Kikubaaqudgha's Catalogue of Sinister Magic
 54542 | Elf:2    | Found a runed gate.
 54542 | Elf:2    | Found a runed gate.
 54542 | Elf:2    | Found a runed gate.
 54725 | Elf:2    | Reached XP level 22. HP: 153/153 MP: 26/29
 54896 | Elf:2    | Received a gift from Okawaru
 55179 | Elf:3    | Entered Level 3 of the Elven Halls
 55612 | Elf:3    | Received a gift from Okawaru
 55976 | Elf:3    | Found a radiant altar of Vehumet.
 56301 | Elf:3    | Received a gift from Okawaru
 56376 | Elf:3    | Received a gift from Okawaru
 56388 | Elf:3    | Got a ring of the Octopus King
 56444 | Elf:3    | Received a gift from Okawaru
 56470 | Elf:3    | Got a warped lapis lazuli ring
 56472 | Elf:3    | Identified the ring of Wemach {rF+ Str+4 Stlth-} (You took it off a deep elf death mage on level 3 of the Elven Halls)
 56473 | Elf:3    | Identified a ring of the Octopus King {rC+ AC+1 EV+1 Str+1 Int+1 Dex+1} (You took it off a deep elf high priest on level 3 of the Elven Halls)
 56519 | Elf:3    | Got a faintly glowing marble ring
 56523 | Elf:3    | Got shimmering acid dragon scales
 56545 | Elf:3    | Received a gift from Okawaru
 56562 | Elf:3    | Got a shimmering graven amulet
 56616 | Elf:3    | Received a gift from Okawaru
 56674 | Elf:3    | Found the +0 pair of fencer's gloves {+Riposte Dex+3}
 56674 | Elf:3    | Found the +7 lajatang of Order {silver, rMut}
 56808 | Elf:3    | Identified the cursed +1 acid dragon scales of the Moneychanger {*Corrode MR+++ rCorr MP+9 SInv} (You took it off a deep elf sorcerer on level 3 of the Elven Halls)
 56868 | Elf:3    | Identified the ring "Haazis" {Wiz MR+ Int+2 Stlth+} (You took it off a deep elf annihilator on level 3 of the Elven Halls)
 56942 | Elf:3    | Got an ancient flail {freeze}
 56943 | Elf:3    | Identified the +6 flail of Niziv {freeze, rElec} (You took it off a deep elf annihilator on level 3 of the Elven Halls)
 57180 | D:11     | Bought gold dragon scales for 2640 gold pieces
 57310 | Orc:2    | Bought a scroll of identify for 50 gold pieces
 57310 | Orc:2    | Bought a scroll of enchant armour for 187 gold pieces
 57310 | Orc:2    | Bought a flickering brass amulet for 125 gold pieces
 57310 | Orc:2    | Identified the amulet of Meimoodod {Gourm rF++} (You took it off a deep elf demonologist on level 3 of the Elven Halls)
 57316 | Orc:2    | Got an ancient shield
 57327 | Orc:2    | Identified the +5 shield of the Seven Lovers {rElec rF- rN+} (You acquired it on level 2 of the Orcish Mines)
 57516 | Depths:1 | Entered Level 1 of the Depths
 57525 | Depths:1 | Found a gateway to Hell.
 57546 | Depths:1 | Noticed Saint Roka
 57664 | Depths:1 | Killed Saint Roka
 57664 | Depths:1 | Reached skill level 1 in Dodging
 57722 | Depths:1 | Reached XP level 23. HP: 160/160 MP: 28/30
 58054 | Depths:1 | Identified the amulet "Avisoph" {Gourm rElec rC+ Int-5} (You bought it in a shop on level 2 of the Orcish Mines)
 58503 | Depths:1 | Received a gift from Okawaru
 58972 | Depths:2 | Received a gift from Okawaru
 59050 | Depths:2 | Found a one-way gate to the infinite horrors of the Abyss.
 59941 | Depths:2 | Paralysed by a floating eye for 4 turns
 60226 | Depths:3 | Received a gift from Okawaru
 60340 | Depths:3 | Received a gift from Okawaru
 60444 | Depths:3 | Received a gift from Okawaru
 60472 | Depths:3 | Noticed a golden dragon
 60472 | Depths:3 | a shadow dragon changed into a golden dragon
 60484 | Depths:3 | Noticed a caustic shrike
 60487 | Depths:3 | a caustic shrike changed into an acid blob
 60517 | Depths:3 | Received a gift from Okawaru
 60547 | Depths:3 | Reached skill level 5 in Dodging
 60552 | Depths:3 | Noticed a caustic shrike
 60558 | Depths:3 | a caustic shrike changed into an iron giant
 61200 | Depths:3 | Reached XP level 24. HP: 168/168 MP: 30/30
 61237 | Depths:3 | Received a gift from Okawaru
 61496 | Depths:3 | Gained mutation: Your body sometimes deteriorates upon taking damage. [a neqoxec]
 61499 | Depths:3 | Gained mutation: You sometimes yell uncontrollably at your foes. [a neqoxec]
 61566 | Depths:3 | Found a one-way gate leading to the halls of Pandemonium.
 61696 | Depths:3 | Found a gateway to a ziggurat.
 61829 | Depths:4 | Noticed Louise
 61853 | Depths:4 | Killed Louise
 61902 | Depths:4 | Found Plog's Assorted Antiques.
 62145 | Depths:4 | Received a gift from Okawaru
 62515 | Depths:4 | Identified the Papyrus of Frigorific Venom
 62742 | Depths:4 | Found Ketemek's Armour Boutique.
 62871 | Depths:4 | Found Fiusec's Jewellery Shoppe.
 62872 | Depths:4 | Found Ratan's Gadget Shop.
 62873 | Depths:4 | Found Umpoesyk's Jewellery Shoppe.
 62879 | Depths:4 | Bought a cursed ring of teleportation for 81 gold pieces
 62884 | Depths:4 | Bought the amulet of Dariha {Reflect MR+ SH+3} for 339 gold pieces
 63018 | Depths:5 | Entered Level 5 of the Depths
 63348 | Depths:5 | Received a gift from Okawaru
 63617 | Depths:5 | Found a gate to the Realm of Zot.
 64720 | Vaults:5 | Entered Level 5 of the Vaults
 64730 | Vaults:5 | Received a gift from Okawaru
 64730 | Vaults:5 | Reached XP level 25. HP: 145/175 MP: 26/30
 65148 | Vaults:5 | Got a silver rune of Zot
 65160 | Vaults:5 | Identified Joheung's Grimoire of Protection and Ignition
 65200 | Vaults:5 | Received a gift from Okawaru
 65712 | Vaults:5 | Received a gift from Okawaru
 66725 | Zot:1    | Entered Level 1 of the Realm of Zot
 66777 | Zot:1    | Received a gift from Okawaru
 66988 | Zot:1    | Received a gift from Okawaru
 67016 | Zot:1    | Reached XP level 26. HP: 117/183 MP: 19/30
 67177 | Zot:1    | Reached skill level 10 in Dodging
 67399 | Zot:1    | Received a gift from Okawaru
 67400 | Zot:1    | Got a twisted great mace {god gift}
 68252 | Zot:2    | Received a gift from Okawaru
 68280 | Zot:2    | Identified the +4 hand axe of the Pure Cities {vamp, +Blink rC+ Dex+2} (Okawaru gifted it to you on level 2 of the Realm of Zot)
 69372 | Zot:3    | Received a gift from Okawaru
 69534 | Zot:3    | Received a gift from Okawaru
 69725 | Zot:4    | Reached XP level 27. HP: 190/190 MP: 30/30
 69850 | Zot:4    | Found a transporter.
 69940 | Zot:4    | Got a slimy silver ring
 69941 | Zot:4    | Identified the ring of Devotion {-Tele rElec Str+9 Dex+3 Slay+3} (You found it on level 4 of the Realm of Zot)
 69971 | Zot:4    | Found a transporter.
 70263 | Zot:4    | Received a gift from Okawaru
 70264 | Zot:4    | Got a heavily runed cloak {god gift}
 70265 | Zot:4    | Identified the +2 cloak of Meolleggi {rElec} (Okawaru gifted it to you on level 4 of the Realm of Zot)
 70657 | Zot:5    | Entered Level 5 of the Realm of Zot
 71388 | Zot:5    | Received a gift from Okawaru
 71452 | Zot:5    | Noticed an orb of fire
 71455 | Zot:5    | Noticed an ancient lich
 71471 | Zot:5    | Gained mutation: You are dopey. (Int -2) [an orb of fire]
 71482 | Zot:5    | Noticed an ancient lich
 71510 | Zot:4    | Killed an orb of fire
 71524 | Zot:5    | Killed an ancient lich
 71594 | Zot:5    | Killed an ancient lich
 71719 | Zot:5    | Noticed an ancient lich
 71729 | Zot:5    | Killed an ancient lich
 71770 | Zot:5    | Reached skill level 15 in Throwing
 71896 | Zot:5    | Received a gift from Okawaru
 71950 | Zot:5    | Noticed an orb of fire
 71965 | Zot:5    | Killed an orb of fire
 72101 | Zot:5    | Noticed an ancient lich
 72112 | Zot:5    | Killed an ancient lich
 73950 | Slime:1  | Entered Level 1 of the Pits of Slime
 73977 | Slime:1  | Received a gift from Okawaru
 74097 | Slime:3  | Gained mutation: Scrolls take you a little longer to read. [a shining eye]
 74124 | Slime:2  | Received a gift from Okawaru
 74137 | Slime:2  | Got an ichor-stained helmet {god gift}
 74141 | Slime:2  | Identified the -3 helmet of Satisfaction {*Drain rC+ Int+7} (Okawaru gifted it to you on level 2 of the Pits of Slime)
 74414 | Slime:5  | Entered Level 5 of the Pits of Slime
 74774 | Slime:5  | Gained mutation: Your magical capacity is low. (-10% MP) [a shining eye]
 74778 | Slime:5  | Gained mutation: Your spells are a little easier to cast, but a little less powerful. [a shining eye]
 74780 | Slime:5  | Lost mutation: Your magical capacity is low. (-10% MP) [a shining eye]
 75036 | Slime:5  | Noticed the Royal Jelly
 75274 | Slime:5  | Found a viscous altar of Jiyva.
 75456 | Slime:5  | Killed the Royal Jelly
 75821 | Slime:5  | Got a slimy rune of Zot
 75843 | Slime:5  | Identified the cursed +0 chain mail of the Duchess {*Slow +Inv rElec Str+5} (You found it on level 5 of the Pits of Slime)
 75873 | Slime:5  | Got a scintillating turquoise ring
 75883 | Slime:5  | Identified the ring of Poaclaipp {+Blink rC+ Int+3 Slay-5} (You found it on level 5 of the Pits of Slime)
 75894 | Slime:5  | Identified the +2 eveningstar "Jellybane" {protect, +Blink rF+ MP+9} (You found it on level 5 of the Pits of Slime)
 75915 | Slime:5  | Got a spiked cloak
 75926 | Slime:5  | Identified the -5 cloak of Precision Catastrophes {Regen+ Dex+8} (You acquired it on level 5 of the Pits of Slime)
 76484 | Depths:2 | Voluntarily entered the Abyss.
 76851 | Abyss:2  | Gained mutation: You are clumsy. (Dex -2) [a neqoxec]
 76952 | Abyss:3  | Received a gift from Okawaru
 76980 | Abyss:3  | Got a steaming demon whip {god gift}
 76981 | Abyss:3  | Identified the +7 demon whip of Miwnoegole {drain, rC- MR+ Dex+4} (Okawaru gifted it to you on level 3 of the Abyss)
 76988 | Abyss:3  | Found a transporter.
 77078 | Abyss:3  | Found a transporter.
 77083 | Abyss:3  | Got an abyssal rune of Zot
 77091 | Depths:2 | Escaped the Abyss
 77356 | D:9      | Fell from the grace of Okawaru
 77356 | D:9      | Became a worshipper of the Shining One
 77644 | Crypt:1  | Entered Level 1 of the Crypt
 77723 | Crypt:1  | Reached * piety under the Shining One
 78023 | Crypt:1  | Reached ** piety under the Shining One
 78166 | Crypt:1  | Reached *** piety under the Shining One
 78289 | Crypt:2  | Reached **** piety under the Shining One
 78406 | Crypt:2  | Reached ***** piety under the Shining One
 78413 | Crypt:2  | Noticed Jory
 78443 | Crypt:2  | Killed Jory
 79122 | Crypt:3  | Entered Level 3 of the Crypt
 79239 | Crypt:3  | Killed from afar by a titan

Vault maps used:
D:1:      minmay_arrival_diagonal_passages, minmay_surrounded
D:2:      serial_park_tiny_1
D:3:      fedhas_altar_4
D:4:      temple_statues, columned_hall_lemuel
D:5:      led_sif_book, first_ration, grunt_decor_fettered,
          uniq_crazy_yiuf_cottage
D:6:      evilmike_ruin_ashenzari, basic_altar, uniq_menkaure, uniq_pikel
D:8:      lemuel_round_altar
D:9:      lemuel_slime, gammafunk_temple_overflow_forgotten,
          grunt_lair_entry_orc_guard_hut, grunt_ogre_cave,
          nicolae_tso_swordbearing_angel
D:10:     serial_shops, shop, uniq_joseph, uniq_harold
D:11:     serial_shops, shop, shop, shop, nicolae_shop_waterfront, shop
D:12:     erik_orc_3, minmay_misc_feat_five, kennysheep_generic_room_10
D:13:     serial_shops, shop, uniq_urug
D:14:     david_vaults_1, serial_bayou_pond_d, uniq_frances
D:15:     grunt_enter_depths_snipers
Temple:   compressed_dpeg_circular_temple
Lair:1:   minmay_lair_oklob_chamber
Lair:2:   guppyfry_snake_entry_garden
Lair:3:   minmay_swamp_entry_worms, serial_bayou_lagoon_a, st_stairs_10,
          minmay_stone_trees_small, grunt_forest_large_clearing_hut
Lair:4:   worms_lemuel
Lair:5:   slime_altar_1
Lair:6:   due_jungle_book, hangedman_lair_unloving_vines, serial_bayou_shore_a,
          grunt_megastairs_4, uniq_snorg
Swamp:1:  hangedman_swamp_ruin_wall, uniq_aizul
Swamp:2:  nicolae_swamp_treefoil, uniq_donald
Swamp:3:  hangedman_swamp_lotus
Swamp:4:  swamp_basic_johnstein, swamp_pool4
Snake:1:  serial_bayou_shore_b
Snake:2:  gammafunk_its_a_trap, grunt_megastairs_3, uniq_nikola
Snake:3:  nicolae_coiled_stairwell_down, serial_bayou_shore_b, uniq_vashnia
Snake:4:  grunt_snake_rune_serpentine_throne, grunt_ministairs_1
Orc:2:    grunt_orc_tribal_feast
Elf:1:    serial_shops, shop, shop, portal_ice_cave_entry_frozen_things,
          minmay_elf_necromancy
Elf:3:    minmay_elf_hall_furrowed, basic_altar
Vaults:1: nicolae_vaults_little_squares_3, v_pattern_3, v_misc_13,
          nicolae_vaults_angled_halls, nicolae_vaults_diagonal_hallway_6,
          vaults_room_glass_cross, vaults_mumra_chevron_long,
          ontoclasm_vaults_eye, hangedman_vaults_nails, serial_shops, shop,
          shop, nicolae_shop_behind_doors
Vaults:2: v_alt_pattern_3, v_misc_3, hangedman_vaults_restitches,
          nicolae_vaults_network_star, v_misc_28, v_misc_16,
          nicolae_vaults_theta, v_misc_18, v_misc_29, vaults_room_ringed_pool,
          ontoclasm_vaults_pinch, vaults_room_hallway,
          nicolae_vaults_little_squares_6, vaults_room_hangedman_quadrants,
          ontoclasm_vaults_misaligned, nicolae_vaults_little_squares_3,
          uniq_sojobo
Vaults:3: hangedman_vaults_locks, dpeg_vaults_monster_row,
          grunt_vaults_hallway_short, vaults_room_fours,
          minmay_crypt_entry_simple_statues, v_misc_28, vaults_dpeg_cross,
          vaults_room_door_hall, v_misc_5, serial_shops, bzr_entry_water,
          uniq_margery
Vaults:4: vaults_mumra_minichess, v_misc_2, grunt_vaults_funnel,
          ontoclasm_vaults_chip, v_rooms_3, stair_cage_open,
          vaults_room_semicircle, infiniplex_enter_wizlab_glasses
Crypt:1:  nrook_guardian_serpent_ordinary
Crypt:2:  corexii_leaking_fountain, grunt_megastairs_1, uniq_jory
Crypt:3:  quadcrypt_mu
Depths:1: hangedman_abyss_or_decor_stabs, hell_entry,
          serial_sigils_hangedman_clutch, kennysheep_flooded_box, st_stairs_3,
          kb_rosetta, uniq_saint_roka
Depths:2: kennysheep_four_of_diamonds, hell_entry, abyss_entry,
          grunt_ministairs_2, serial_bayou_shore_b
Depths:3: radiant_caverns_b_rkd, hell_entry, pan_entry
Depths:4: minmay_expanding_squares, pf_hell_entry_tar_spiral,
          nicolae_abyss_entry_one_way_or_another, serial_shops,
          nicolae_shop_trees, kennysheep_mini, infiniplex_staircase_pool_lava,
          minmay_shop_grove
Depths:5: grunt_bruiser_brothers, hell_entry, minmay_misc_feat_iff,
          minmay_gold_behind_fungi, spider_trap, grunt_decor_one_mirror
Zot:1:    lemuel_draconian_sentries_small
Zot:2:    kennysheep_oblong_rooms, hangedman_zot_decor_checkerboard
Zot:3:    st_stairs_12
Zot:4:    gammafunk_sealed_arena
Zot:5:    bh_zot_lava_cross
Abyss:3:  gammafunk_abyss_rune_reverse_zot, evilmike_abyss_exit_16,
          minivault_24, evilmike_abyss_exit_plants
Bazaar:   bazaar_short_row
IceCv:    ice_cave_small_demon
WizLab:   wizlab_golubria

Skill      XL: |  1  2  3  4  5  6  7  8  9 10 11 12 13 14 15 16 17 18 19 20 21 22 23 24 25 26 27 |
---------------+----------------------------------------------------------------------------------+-----
Fighting       | 4 5 6 7 8 9 10 11 12 13 14 15 16 17 18 19 20 21 22 23 24 25 | 25.8
Maces & Flails | 4 6 8 9 11 12 14 15 16 17 19 | 19.4
Armour         | 5 7 8 9 11 12 13 14 15 16 17 18 19 20 21 22 23 25 | 25.1
Shields        | 5 6 8 9 10 11 13 14 15 16 17 18 19 20 21 22 24 | 24.2
Invocations    | 2 5 8 10 | 10.0
Throwing       | 1 5 7 9 10 11 12 13 15 | 15.8
Dodging        | 1 5 8 9 10 | 10.7

Action                   |  1- 3 |  4- 6 |  7- 9 | 10-12 | 13-15 | 16-18 | 19-21 | 22-24 | 25-27 || total
-------------------------+-------+-------+-------+-------+-------+-------+-------+-------+-------++-------
Melee: Flail             |   123 |   259 |   162 |  1059 |  2465 |  1750 |    48 |       |       ||  5866
       Mace              |       |       |   347 |   341 |       |       |       |       |       ||   688
       Eveningstar       |       |       |       |       |       |   640 |  2079 |   135 |   699 ||  3553
       Demon whip        |       |       |       |       |       |       |   114 |  1965 |  2403 ||  4482
 Fire: Blowgun           |       |       |       |       |       |       |       |       |     3 ||     3
Throw: Javelin           |       |       |       |       |       |       |    40 |     7 |    10 ||    57
Invok: Heroism           |       |       |       |    10 |     8 |     2 |     2 |     1 |     2 ||    25
       Finesse           |       |       |       |       |     4 |     4 |     3 |     1 |     2 ||    14
 Abil: Fly               |       |       |       |       |     1 |       |       |     1 |     1 ||     3
       Stop Flying       |       |       |       |       |       |       |     1 |       |     1 ||     2
Evoke: Wand              |       |       |       |       |       |       |       |       |     5 ||     5
  Use: Scroll            |       |     8 |     2 |     9 |     4 |    21 |    10 |    28 |    23 ||   105
       Potion            |       |       |     4 |     3 |     8 |     6 |       |     2 |     1 ||    24
 Stab: Confused          |       |       |       |       |       |     1 |       |       |       ||     1
       Invisible         |       |       |       |       |       |     7 |       |       |       ||     7
       Sleeping          |       |       |       |       |       |     4 |       |       |       ||     4
       Distracted        |       |       |       |       |       |       |       |       |     1 ||     1
  Eat: Chunk             |       |     4 |     3 |     7 |     8 |     1 |    12 |     5 |     9 ||    49
       Ration            |       |     1 |     5 |     9 |    14 |    10 |     7 |     8 |    12 ||    66
Armor: Scale mail        |    74 |    28 |       |       |       |       |       |       |       ||   102
       Chain mail        |       |   119 |   421 |   646 |   742 |       |       |       |       ||  1928
       Plate armour      |       |       |       |       |   977 |   874 |       |       |       ||  1851
       Quicksilver drago |       |       |       |       |       |   739 |  1274 |   237 |       ||  2250
       Shadow dragon sca |       |       |       |       |       |   104 |       |       |       ||   104
       Gold dragon scale |       |       |       |       |       |       |       |   491 |   993 ||  1484
       Acid dragon scale |       |       |       |       |       |       |       |     1 |       ||     1
Dodge: Dodged            |    50 |    69 |   147 |   256 |   546 |   692 |   769 |   324 |   696 ||  3549
Block: Shield            |    61 |   145 |   300 |   725 |  1851 |  2029 |  1843 |   335 |       ||  7289
       Large shield      |       |       |       |       |       |       |       |  1260 |  3386 ||  4646
       Reflection        |       |       |       |       |       |       |       |    26 |    96 ||   122
       Rpst.: Demon whip |       |       |       |       |       |       |       |    21 |    73 ||    94
       Eveningstar       |       |       |       |       |       |       |       |     2 |    24 ||    26

Table legend:
 A = Spawn XP
 B = Non-spawn XP
 C = Spawn XP percentage of total XP
 D = Spawn monster count
 E = Non-spawn monster count
 F = Spawn count percentage of total count
 G = Total turns spent on level
                    A         B        C        D         E        F      G
               +---------+---------+-------+---------+---------+-------+---------
         Total |    5640 | 1703173 |   0.3 |      13 |    2446 |   0.5 | 79239
               +---------+---------+-------+---------+---------+-------+---------
           D:1 |       0 |      55 |   0.0 |       0 |      28 |   0.0 |   805
           D:2 |       0 |     130 |   0.0 |       0 |      20 |   0.0 |   641
           D:3 |       0 |     212 |   0.0 |       0 |      28 |   0.0 |   958
           D:4 |       0 |     265 |   0.0 |       0 |      10 |   0.0 |   769
           D:5 |       0 |     770 |   0.0 |       0 |      17 |   0.0 |  1695
           D:6 |       0 |    1784 |   0.0 |       0 |      23 |   0.0 |  1012
           D:7 |       0 |     871 |   0.0 |       0 |      17 |   0.0 |  1060
           D:8 |       0 |    1630 |   0.0 |       0 |      23 |   0.0 |  1552
           D:9 |       0 |    3301 |   0.0 |       0 |      43 |   0.0 |  2261
          D:10 |       0 |    4777 |   0.0 |       0 |      19 |   0.0 |  1598
          D:11 |       0 |    2412 |   0.0 |       0 |      14 |   0.0 |  1150
          D:12 |       0 |    6416 |   0.0 |       0 |      55 |   0.0 |  3242
          D:13 |       0 |   11269 |   0.0 |       0 |      34 |   0.0 |  2007
          D:14 |       0 |   10274 |   0.0 |       0 |      30 |   0.0 |  1084
          D:15 |       0 |   20986 |   0.0 |       0 |      32 |   0.0 |  1650
        Lair:1 |       0 |    3910 |   0.0 |       0 |      23 |   0.0 |  1283
        Lair:2 |       0 |    1289 |   0.0 |       0 |       8 |   0.0 |   807
        Lair:3 |       0 |    6668 |   0.0 |       0 |      22 |   0.0 |  2630
        Lair:4 |       0 |    4176 |   0.0 |       0 |      33 |   0.0 |  1487
        Lair:5 |       0 |   10393 |   0.0 |       0 |      34 |   0.0 |  3083
        Lair:6 |       0 |   17785 |   0.0 |       0 |      43 |   0.0 |  2675
       Swamp:1 |       0 |   13805 |   0.0 |       0 |      34 |   0.0 |  1757
       Swamp:2 |       0 |   12829 |   0.0 |       0 |      45 |   0.0 |  1165
       Swamp:3 |       0 |   21637 |   0.0 |       0 |      33 |   0.0 |  1178
       Swamp:4 |       0 |   22343 |   0.0 |       0 |      45 |   0.0 |   942
       Snake:1 |       0 |    5174 |   0.0 |       0 |       8 |   0.0 |   827
       Snake:2 |       0 |   17306 |   0.0 |       0 |      28 |   0.0 |  1201
       Snake:3 |       0 |   26784 |   0.0 |       0 |      36 |   0.0 |  1414
       Snake:4 |       0 |   61498 |   0.0 |       0 |      94 |   0.0 |  2049
       Slime:1 |       0 |    7711 |   0.0 |       0 |      13 |   0.0 |    88
       Slime:2 |       0 |   11849 |   0.0 |       0 |      18 |   0.0 |   101
       Slime:3 |       0 |    5822 |   0.0 |       0 |      10 |   0.0 |    73
       Slime:4 |       0 |   21681 |   0.0 |       0 |      35 |   0.0 |   700
       Slime:5 |       0 |   49071 |   0.0 |       0 |      39 |   0.0 |  1207
         Orc:1 |       0 |    7018 |   0.0 |       0 |      54 |   0.0 |  1668
         Orc:2 |       0 |    6436 |   0.0 |       0 |      43 |   0.0 |  1335
         Elf:1 |       0 |   11959 |   0.0 |       0 |      20 |   0.0 |  1012
         Elf:2 |       0 |   30062 |   0.0 |       0 |      40 |   0.0 |  1152
         Elf:3 |       0 |   84587 |   0.0 |       0 |      79 |   0.0 |  1758
      Vaults:1 |       0 |   66417 |   0.0 |       0 |     116 |   0.0 |  2647
      Vaults:2 |       0 |   61589 |   0.0 |       0 |      94 |   0.0 |  2130
      Vaults:3 |       0 |   69271 |   0.0 |       0 |      80 |   0.0 |  1550
      Vaults:4 |       0 |   44667 |   0.0 |       0 |      59 |   0.0 |  1732
      Vaults:5 |       0 |  141365 |   0.0 |       0 |     126 |   0.0 |  1778
       Crypt:1 |       0 |   27087 |   0.0 |       0 |      46 |   0.0 |   644
       Crypt:2 |       0 |   34175 |   0.0 |       0 |      48 |   0.0 |   834
       Crypt:3 |       0 |    1671 |   0.0 |       0 |       4 |   0.0 |   117
      Depths:1 |       0 |   46859 |   0.0 |       0 |      62 |   0.0 |  1206
      Depths:2 |       0 |   33132 |   0.0 |       0 |      45 |   0.0 |  1501
      Depths:3 |       0 |   66446 |   0.0 |       0 |     104 |   0.0 |  1653
      Depths:4 |       0 |   61340 |   0.0 |       0 |      60 |   0.0 |  1345
      Depths:5 |       0 |   34186 |   0.0 |       0 |      35 |   0.0 |   895
         Zot:1 |       0 |   84000 |   0.0 |       0 |      52 |   0.0 |  1238
         Zot:2 |       0 |   31344 |   0.0 |       0 |      17 |   0.0 |   835
         Zot:3 |       0 |   53059 |   0.0 |       0 |      36 |   0.0 |   927
         Zot:4 |       0 |   75777 |   0.0 |       0 |      43 |   0.0 |  1137
         Zot:5 |       0 |  190579 |   0.0 |       0 |      63 |   0.0 |  1774
       Abyss:2 |    4847 |    8362 |  36.7 |       9 |      34 |  20.9 |   450
       Abyss:3 |     793 |   15447 |   4.9 |       4 |      22 |  15.4 |   147
         IceCv |       0 |   11569 |   0.0 |       0 |      33 |   0.0 |   480
        WizLab |       0 |   17886 |   0.0 |       0 |      37 |   0.0 |   974
               +---------+---------+-------+---------+---------+-------+---------
